 Dungeon Crawl Stone Soup version 0.31-a0-1620-gcbf77bbcfc (webtiles) character file.

Game seed: 1735626175626344481

1533 Conn the Sneak (level 8, 0/53 HPs)
             Began as an Octopode Fire Elementalist on Jan 11, 2024.
             Slain by a gnoll sergeant
             ... wielding a +3 spear of flaming
              (5 damage)
             ... on level 6 of the Dungeon.
             The game lasted 00:12:31 (6014 turns).

Conn the Sneak (Octopode Fire Elementalist)         Turns: 6014, Time: 00:12:31

Health: 0/53       AC:  1    Str:  8    XL:     8   Next: 85%
Magic:  9/14       EV: 19    Int: 21    God:
Gold:   237        SH:  0    Dex: 15    Spells: 5/15 levels left

rFire   . . .        b - +0 great sword
rCold   . . .        (shield currently unavailable)
rNeg    . . .        (helmet restricted)
rPois   .            t - amulet "Bash" {RegenMP Int+2 Dex+3}
rElec   .            e - +5 ring of evasion
rCorr   .            (no ring)
SInv    .            (no ring)
Will    .....        (no ring)
Stlth   ++++         (no ring)
HPRegen 0.28/turn    (no ring)
MPRegen 0.54/turn    (no ring)
                     (no ring)

%: no passive effects
@: marked
A: almost no armour, amphibious, 8 rings, camouflage 1, gelatinous body 1,
(nimble swimmer 1), tentacles
a: no special abilities


You were on level 6 of the Dungeon.
You visited 1 branch of the dungeon, and saw 6 of its levels.

You collected 237 gold pieces.

Inventory:

Hand Weapons
 b - a +0 great sword (weapon)
Armour
 n - a +0 buckler
Magical Staves
 q - a staff of cold
Jewellery
 e - a +5 ring of evasion (left tentacle)
 h - an amulet of the acrobat
 t - the amulet "Bash" (around mantle) {RegenMP Int+2 Dex+3}
   (You took it off an orc on level 6 of the Dungeon)

   [amulet of magic regeneration]

   RegenMP:   It increases your rate of magic regeneration.
   Int+2:     It affects your intelligence (+2).
   Dex+3:     It affects your dexterity (+3).
Wands
 a - a wand of flame (39)
Scrolls
 d - a scroll of fog
 g - 2 scrolls of enchant armour
 j - a scroll of amnesia
 k - 5 scrolls of teleportation
 s - 2 scrolls of poison {unknown}
 u - a scroll of vulnerability {unknown}
 v - a scroll of fear {unknown}
Potions
 c - 2 potions of enlightenment
 f - a potion of heal wounds
 i - 2 potions of might {unknown}
 l - 2 potions of invisibility {unknown}
 m - a potion of attraction {unknown}
 o - 2 potions of curing {unknown}
 p - 2 potions of berserk rage {unknown}
 r - 2 potions of lignification {unknown}


   Skills:
 * Level 3.6 Fighting
 * Level 3.6 Long Blades
 + Level 3.9 Dodging
 + Level 5.2 Stealth
 + Level 2.4 Shields
 * Level 4.4 Spellcasting
 * Level 4.2 Conjurations
 + Level 2.2 Hexes
 + Level 4.3 Fire Magic


You had 5 spell levels left.
You knew the following spells:

 Your Spells              Type           Power      Damage    Failure   Level
a - Foxfire               Conj/Fire      88%        2x1d8     1%          1
b - Scorch                Fire           44%        2d6       3%          2
c - Inner Flame           Hex/Fire       18%        N/A       9%          3
d - Flame Wave            Conj/Fire      22%        2d8       21%         4

Your spell library contained the following spells:

 Spells                   Type           Power      Damage    Failure   Level
 Magic Dart               Conj           88%        1d7       1%          1
 Searing Ray              Conj           44%        2d6       3%          2
 Dazzling Flash           Conj/Hex       36%        N/A       9%          3
 Volatile Blastmotes      Fire/Tloc      26%        2d12      14%         3
 Gell's Gravitas          Tloc           4%         N/A       34%         3
 Teleport Other           Tloc           4%         N/A       34%         3
 Fulminant Prism          Conj/Alch      6%         3d7       43%         4
 Starburst                Conj/Fire      11%        6d5       97%         6
 Dispersal                Tloc           2%         N/A       100%        6
 Malign Gateway           Summ/Tloc      2%         N/A       100%        7
 Maxwell's Capacitive Co  Air            2%         ∞         100%        8
 Summon Horrible Things   Summ           2%         N/A       100%        8


Dungeon Overview and Level Annotations

Branches:
Dungeon (6/15)
 Temple: D:4-7

Altars:
Ashenzari
Zin


Innate Abilities, Weirdness & Mutations

You cannot wear most types of armour.
You are amphibious.
You can wear up to eight rings at the same time.
Your skin changes colour to match your surroundings (Stealth+).
Your rubbery body absorbs attacks. (AC +1, EV +1)
((You are camouflaged when in or above water. (Stealth+)))
You have tentacles for arms and can constrict up to eight enemies at once.


Message History

You constrict the gnoll. The gnoll completely misses you.
The gnoll sergeant barely misses you.
You completely miss the gnoll.
The gnoll is moderately wounded.
You constrict the gnoll. The gnoll hits you with a +3 spear!
The gnoll sergeant misses you. The gnoll hits you with a +3 spear.
The gnoll sergeant hits you from afar with a +3 spear of flaming!
The gnoll sergeant burns you.
* * * LOW HITPOINT WARNING * * *
Unknown command.
Casting: Foxfire (safe; 1% risk of failure)
Confirm with . or Enter, or press ? or * to list all spells.
Casting: Flame Wave (quite dangerous; 21% risk of failure)
Press: ? - help, Dir - look around, f - activate A wave of flame ripples out!
The flame wave engulfs the gnoll.
The gnoll is severely wounded. (Press . to intensify the flame waves.)
You constrict the gnoll. The gnoll closely misses you.
The gnoll sergeant hits you from afar with a +3 spear of flaming!
* * * LOW HITPOINT WARNING * * *
The gnoll sergeant burns you.
* * * LOW HITPOINT WARNING * * *
A wave of flame ripples out!
The flame wave engulfs the gnoll.
You kill the gnoll!
The flame wave engulfs the gnoll!
The gnoll is severely wounded.
The flame wave engulfs the orc!
You kill the orc!
The flame wave engulfs the gnoll sergeant!
The gnoll sergeant is moderately wounded.
The gnoll sergeant misses you.
A wave of flame ripples out!
The flame wave engulfs the gnoll.
You kill the gnoll!
The flame wave engulfs the gnoll.
The gnoll is heavily wounded.
The flame wave engulfs the gnoll sergeant.
The gnoll sergeant is heavily wounded.
You finish channelling waves of flame.
The gnoll sergeant hits you from afar with a +3 spear of flaming.
You die...

. # #[.. # ... . ... +
..##.# #.##.# ##.##
#.##.# #####
'.[...#####.##.#####....
#...)g@....##.##.......
#.##g#####.##.##.##.###
# #####.##.##.##....
#...........##....
#.###.............
########...... .........
.##...... # ####...


You could see a gnoll sergeant and a gnoll.

Vanquished Creatures
  Grinder (D:4)
  Menkaure (D:4)
  2 black bears
  An ogre (D:5)
  A phantom (D:5)
  A scorpion (D:4)
  A howler monkey (D:5)
  A bombardier beetle (D:5)
  4 hounds
  A gnoll bouda (D:5)
  A jelly (D:6)
  5 iguanas
  Terence (D:2)
  4 orc wizards
  8 gnolls
  11 adders
  4 shadow imps
  6 ufetubi (D:6)
  20 orcs
  4 ball pythons
  6 bats
  4 endoplasms
  3 giant cockroaches
  3 goblins
  A hobgoblin (D:2)
  2 jackals (D:1)
  3 quokkas
  3 frilled lizards
  10 kobolds
  2 rats (D:3)
115 creatures vanquished.

Vanquished Creatures (others)
  243 foxfires
243 creatures vanquished.

Grand Total: 358 creatures vanquished

Notes
Turn   | Place    | Note
-------+----------+-------------------------------------------
     0 | D:1      | Conn the Octopode Fire Elementalist began the quest for the
                  | Orb.
     0 | D:1      | Reached XP level 1. HP: 11/11 MP: 3/3
   166 | D:2      | Found a glowing silver altar of Zin.
   169 | D:2      | Reached skill level 3 in Stealth
   169 | D:2      | Reached XP level 2. HP: 5/17 MP: 5/5
   285 | D:2      | Reached XP level 3. HP: 21/21 MP: 3/6
   385 | D:2      | Noticed Terence
  1298 | D:1      | Learned a level 2 spell: Scorch
  1302 | D:1      | Learned a level 3 spell: Inner Flame
  1684 | D:2      | Killed Terence
  1685 | D:2      | Reached XP level 4. HP: 16/27 MP: 2/7
  2288 | D:3      | Reached XP level 5. HP: 32/32 MP: 3/9
  2371 | D:3      | Found a broken altar of Ashenzari.
  2949 | D:4      | Reached skill level 1 in Fighting
  3132 | D:4      | Noticed Grinder
  3159 | D:4      | Killed Grinder
  3160 | D:4      | Reached skill level 1 in Long Blades
  3160 | D:4      | Reached skill level 4 in Stealth
  3160 | D:4      | Reached skill level 1 in Hexes
  3160 | D:4      | Reached XP level 6. HP: 39/39 MP: 0/11
  3329 | D:4      | Noticed a black bear
  3335 | D:4      | Killed a black bear
  3336 | D:4      | Reached skill level 1 in Shields
  3336 | D:4      | Reached XP level 7. HP: 45/45 MP: 6/12
  3601 | D:4      | Noticed Menkaure
  3605 | D:4      | Killed Menkaure
  4378 | D:5      | Entered Level 5 of the Dungeon
  4415 | D:5      | Learned a level 4 spell: Flame Wave
  4509 | D:5      | Reached XP level 8. HP: 34/51 MP: 2/13
  5024 | D:5      | Reached skill level 5 in Stealth
  5605 | D:6      | HP: 2/52 [iguana (9)]
  5738 | D:6      | Identified the amulet "Bash" {RegenMP Int+2 Dex+3}
  6014 | D:6      | Slain by a gnoll sergeant

Illustrated notes

Levels and vault maps discovered:
D:1:      saegor_arrival_simple_c, layout_loops_corners,
          chequers_serial_rivers_room_a
D:2:      layout_rooms, basic_altar, uniq_terence
D:3:      layout_basic, mainiacjoe_overflow_alcove_2
D:4:      layout_layer_cave, kennysheep_generic_room_16, uniq_grinder,
          uniq_menkaure
D:5:      layout_cave_pools, serial_library,
          serial_library_hellmonk_layered_room,
          serial_library_hellmonk_small_corner, serial_library_hellmonk_room_b,
          serial_library_hellmonk_angled_corner,
          serial_library_regret_index_headful,
          serial_library_hellmonk_small_alcove,
          serial_library_hellmonk_double_dead_end,
          serial_library_hellmonk_secret_room, serial_library_hellmonk_room_b,
          serial_library_hellmonk_big_corner
D:6:      layout_loops_ring, mainiacjoe_overflow_24_doors,
          kennysheep_generic_room_6

Skill      XL: |  1  2  3  4  5  6  7  8 |
---------------+-------------------------+-----
Stealth        | 3 4 5 |  5.2
Conjurations   | 2 3 4 |  4.2
Fighting       | 1 2 3 |  3.6
Spellcasting   | 3 4 |  4.4
Long Blades    | 1 2 3 |  3.6
Dodging        | 3 |  3.9
Hexes          | 1 2 |  2.2
Shields        | 1 2 |  2.4
Fire Magic     | 4 |  4.3

Action                     |  1- 3 |  4- 6 |  7- 9 || total
---------------------------+-------+-------+-------++-------
  Melee: Great sword       |     8 |    10 |    72 ||    90
         Constrict         |     3 |     3 |    24 ||    30
         Tentacles         |     1 |     4 |    17 ||    22
         Punch             |       |       |     1 ||     1
   Cast: Foxfire           |    51 |    52 |    36 ||   139
         Scorch            |     2 |     5 |    18 ||    25
         Inner Flame       |     1 |     1 |     1 ||     3
         Flame Wave        |       |       |     5 ||     5
    Use: Potion            |     1 |     2 |     1 ||     4
         Scroll            |       |       |     6 ||     6
   Stab: Sleeping          |     1 |     2 |     7 ||    10
 Armour: Skin              |    12 |     8 |    52 ||    72
  Dodge: Dodged            |    17 |    19 |   156 ||   192

Table legend: (Time is in decaauts)
 A = Elapsed time spent in this place.
 B = Non-inter-level travel time spent in this place.
 C = Inter-level travel time spent in this place.
 D = Time resting spent in this place.
 E = Time spent auto-exploring this place.
 F = Levels seen in this place.
 G = Mean time per level.
                   A        B        C        D        E       F      G
               +--------+--------+--------+--------+--------+-----+--------+
         Total |   6068 |   5941 |    127 |    358 |   4137 |   6 | 1011.3 |
       Dungeon |   6068 |   5941 |    127 |    358 |   4137 |   6 | 1011.3 |
               +--------+--------+--------+--------+--------+-----+--------+

Top non-repeatable levels by time:
     D:4: 1877 daAuts
     D:1: 1122 daAuts
     D:3: 990 daAuts
     D:5: 945 daAuts
     D:2: 638 daAuts
     D:6: 494 daAuts
